 Dungeon Crawl Stone Soup version 0.14-a0-736-g2a71271 (webtiles) character file.

261 Malachi the Insei (level 4, -6/35 HPs)
             Began as a Draconian Transmuter on Nov 7, 2013.
             Mangled by Prince Ribbit (12 damage)
             ... on Level 4 of the Dungeon.
             The game lasted 00:04:28 (2555 turns).

Malachi the Insei (Draconian Transmuter)            Turns: 2555, Time: 00:04:28

HP  -6/35        AC  2     Str 12      XL: 4   Next: 85%
MP   4/6         EV 19     Int 14      God:
Gold 134         SH  0     Dex 17      Spells:  3 memorised,  1 level left

Res.Fire  : . . .   See Invis. : .     - Unarmed
Res.Cold  : . . .   Warding    : .   (armour unavailable)
Life Prot.: . . .   Conserve   : .   (shield currently unavailable)
Res.Poison: x       Res.Corr.  : .   (helmet currently unavailable)
Res.Elec. : .       Clarity    : .   (cloak currently unavailable)
Sust.Abil.: . .     Spirit.Shd : .   s - melded +0 pair of orc gauntlets
Res.Mut.  : .       Stasis     : .   (boots currently unavailable)
Res.Rott. : .       Flight     : .   (no amulet)
Saprovore : . . .                    (no ring)
                                     (no ring)

@: spider-form (expiring), quick, slightly resistant to hostile enchantments,
unstealthy
A: unfitting armour, AC +5
a: End Transformation


You were on level 4 of the Dungeon.
You were hungry.
You were in spider-form.
You visited 1 branch of the dungeon, and saw 4 of its levels.

You collected 134 gold pieces.

Inventory:

Missiles
 b - 12 arrows
Armour
 s - a +0 pair of orcish gauntlets (melded)
Magical devices
 p - a wand of digging (6) {unknown}
Comestibles
 a - 2 bread rations
 m - a meat ration
 n - 2 chokos
 o - an apricot
 x - a chunk of giant gecko flesh
 A - a chunk of orc flesh
Scrolls
 c - a scroll of recharging {unknown}
 e - a scroll of amnesia
 g - 2 scrolls of remove curse {unknown}
 h - a scroll of enchant weapon I {unknown}
 k - a scroll of blinking {unknown}
 t - a scroll of enchant armour {unknown}
 v - a scroll of fog {unknown}
Potions
 f - 3 potions of agility
 j - 2 potions of restore abilities
 l - a potion of heal wounds {unknown}
 q - 2 potions of curing
 r - a potion of speed {unknown}
 u - a potion of invisibility {unknown}
 w - a potion of mutation {unknown}
 z - a potion of slowing {unknown}
Books
 d - a book of Changes

   Spells                             Type                      Level
   *Beastly Appendage                 Transmutation                1
   *Sticks to Snakes                  Transmutation                2
   *Spider Form                       Transmutation/Poison         3
   Ice Form                           Ice/Transmutation            4
   Blade Hands                        Transmutation                5


   Skills:
 - Level 1.2 Fighting
 - Level 2.0 Dodging
 - Level 0.2 Stealth
 - Level 4.0 Unarmed Combat
 - Level 2.0 Spellcasting
 * Level 3.2 Transmutations
 * Level 2.3 Poison Magic


You had one spell level left.
You knew the following spells:

 Your Spells              Type           Power        Failure   Level  Hunger
a - Beastly Appendage     Trmt           ##....       24%         1    ##.....
b - Sticks to Snakes      Trmt           ##........   28%         2    ###....
c - Spider Form           Trmt/Pois      #.........   45%         3    ####...


Dungeon Overview and Level Annotations

Branches:
Dungeon (4/27)
 Temple: D:4-7

Altars:

Annotations:
D:4 Prince Ribbit


Message History

* * * LOW HITPOINT WARNING * * *
Prince Ribbit closely misses you.
You are too injured to fight recklessly!
You are too injured to fight recklessly!
You hit Prince Ribbit.
Prince Ribbit is poisoned.
Prince Ribbit is severely wounded.
Your transformation is almost over.
Prince Ribbit closely misses you.
Prince Ribbit momentarily phases out as your attack passes through him.
Prince Ribbit is severely wounded.
Prince Ribbit casts a spell.
Prince Ribbit looks slightly unstable.
You closely miss Prince Ribbit.
Prince Ribbit is severely wounded.
Prince Ribbit misses you. Prince Ribbit completely misses you.
You closely miss Prince Ribbit.
Prince Ribbit is severely wounded.
Prince Ribbit hops awkwardly around.
Prince Ribbit hits you!
You die...

#..).<....#
#.........+
#.........#
##'########
#....#
####'###
#....#
#....#
#.s..#
#.F..#
#....#
#....+
#....#
#....#
###+##


You could see Prince Ribbit.

Vanquished Creatures
  5 adders
  2 giant geckos
  2 oozes
  5 orcs (D:3)
  14 bats
  3 giant cockroaches (D:2)
  7 goblins
  11 hobgoblins
  5 jackals (D:2)
  A quokka (D:2)
  A ball python (D:3)
  A giant newt (D:3)
  7 kobolds
  5 rats
69 creatures vanquished.

Notes
Turn   | Place    | Note
--------------------------------------------------------------
     0 | D:1      | Malachi, the Draconian Transmuter, began the quest for the Orb.
     0 | D:1      | Reached XP level 1. HP: 16/16 MP: 1/1
   304 | D:1      | Reached XP level 2. HP: 23/23 MP: 3/3
   308 | D:1      | Learned a level 2 spell: Sticks to Snakes
   832 | D:1      | Reached XP level 3. HP: 23/28 MP: 2/4
   837 | D:1      | Learned a level 3 spell: Spider Form
   881 | D:1      | Reached skill level 4 in Unarmed Combat
  1184 | D:2      | Reached skill level 1 in Poison Magic
  1379 | D:2      | Reached XP level 4. HP: 32/35 MP: 6/6
  2536 | D:4      | Noticed Prince Ribbit
  2555 | D:4      | Mangled by Prince Ribbit

Action                   |  1- 3 |  4- 6 || total
-------------------------+-------+-------++-------
Melee: Unarmed           |   172 |   129 ||   301
 Cast: Beastly Appendage |     5 |     8 ||    13
       Spider Form       |       |     1 ||     1
  Use: Scroll            |       |     4 ||     4
 Stab: Sleeping          |     1 |       ||     1
